 Dungeon Crawl Stone Soup version 0.28.0-53-g5a82cb258f (webtiles) character file.

Game seed: 6549129509316512046

170 Zeld the Ruffian (level 5, -1/41 HPs)
             Began as a Draconian Transmuter on May 21, 2022.
             Slain by a gnoll
             ... wielding a +0 halberd
              (12 damage)
             ... on level 3 of the Dungeon.
             The game lasted 00:03:02 (3778 turns).

Zeld the Ruffian (Draconian Transmuter)             Turns: 3778, Time: 00:03:02

Health: -1/41      AC:  5    Str: 14    XL:     5   Next: 26%
Magic:  8/9        EV: 12    Int: 13    God:
Gold:   79         SH:  5    Dex: 12    Spells: 3/9 levels left

rFire   . . .      SeeInvis .     - Unarmed
rCold   . . .      Faith    .   (no shield)
rNeg    . . .      Spirit   .   (armour unavailable)
rPois   .          Reflect  +   (helmet restricted)
rElec   .          Harm     .   (no cloak)
rCorr   .          Rampage  .   (no gloves)
Will    .....                   (no boots)
Stlth   +.........              a - amulet of reflection
HPRegen 0.13/turn               (no ring)
MPRegen 0.11/turn               (no ring)

@: no status effects
A: AC +5, unfitting armour, cold-blooded
a: no special abilities


You were on level 3 of the Dungeon.
You visited 1 branch of the dungeon, and saw 3 of its levels.

You collected 79 gold pieces.

Inventory:

Jewellery
 a - an amulet of reflection (around neck)
Scrolls
 b - a scroll of teleportation {unknown}
 c - a scroll of noise {unknown}
 e - a scroll of identify {unknown}
 f - a scroll of holy word {unknown}
Potions
 d - 2 potions of degeneration {unknown}


   Skills:
 + Level 2.2 Fighting
 + Level 2.2 Dodging
 + Level 3.4 Unarmed Combat
 * Level 2.9 Spellcasting
 * Level 3.1 Transmutations
 + Level 1.3 Ice Magic
 + Level 1.3 Poison Magic


You had 3 spell levels left.
You knew the following spells:

 Your Spells              Type           Power      Damage    Failure   Level
a - Beastly Appendage     Tmut           18%        N/A       6%          1
b - Wereblood             Tmut           9%         N/A       10%         2
c - Spider Form           Tmut/Pois      7%         N/A       28%         3

Your spell library contained the following spells:

 Spells                   Type           Power      Damage    Failure   Level
 Passwall                 Tmut/Erth      4%         N/A       19%         2
 Shock                    Conj/Air       4%         1d3       24%         1
 Ensorcelled Hibernation  Hex/Ice        6%         N/A       26%         2
 Ignite Poison            Fire/Tmut/Pois 5%         N/A       36%         3
 Ozocubu's Armour         Ice            5%         N/A       36%         3
 Conjure Flame            Conj/Fire      1%         6-21      56%         3
 Swiftness                Air            1%         N/A       56%         3
 Ice Form                 Ice/Tmut       7%         N/A       67%         4
 Airstrike                Air            0%         N/A       93%         4
 Sticky Flame             Conj/Fire      1%         2d3       93%         4
 Ozocubu's Refrigeration  Ice            2%         4d5       100%        7


Dungeon Overview and Level Annotations

Branches:
Dungeon (3/15)

Altars:

Annotations:
D:3 2 runed translucent doors, Zeld's ghost, amateur MfIE


Innate Abilities, Weirdness & Mutations

Your plain brown scales are hard. (AC +5)
You cannot fit into any form of body armour.
You are cold-blooded and may be slowed by cold attacks.


Message History

You barely miss the gnoll. The gnoll misses you.
You hit the gnoll but do no damage.
The gnoll is poisoned.
The gnoll closely misses you.
You hit the gnoll but do no damage. The gnoll closely misses you.
You hit the gnoll but do no damage. The gnoll completely misses you.
You barely miss the gnoll.
The gnoll is lightly wounded.
Your transformation is almost over.
The gnoll misses you.
You hit the gnoll.
The gnoll is moderately wounded.
The gnoll closely misses you.
You hit the gnoll.
The gnoll is almost dead.
The gnoll closely misses you.
You hit the gnoll but do no damage.
The gnoll is almost dead.
You kill the gnoll!
You hit the gnoll.
The gnoll is poisoned.
The gnoll is moderately wounded.
You hit the gnoll.
The gnoll is heavily wounded.
The gnoll barely misses you. Something hits you.
You hit the gnoll but do no damage.
The gnoll looks even sicker.
The gnoll is severely wounded.
You kill the gnoll!
Something closely misses you. Something barely misses you.
Items here: )))) †.
You hit something.
Your transformation has ended.
Something hits you but does no damage.
You barely miss something.
Your tail-slap misses something.
Something hits you but does no damage.
You closely miss something. You block something's attack.
You closely miss something.
Your tail-slap misses something.
Something hits you!
* * * LOW HITPOINT WARNING * * *
Something hits you!
You die...

#...................#
#.#
#.#####....#.#.##...###
#.# #####.....#.....#
#.# #.....#.....# #.##
#...........####...
#....#......'.)....
#....#......####.(.
##'###......# #... #@#
#......# #... #)#
#..########...
#'########.#
#.>...........
...........#
#...........#.
...........#
#..##########.
...........###.)# ##
..........(...).#
........).#####.#
..........# #.#####


There were no monsters in sight!

Vanquished Creatures
  An orc priest (D:3)
  Robin (D:2)
  3 gnolls (D:3)
  3 adders (D:3)
  2 dart slugs
  7 orcs (D:3)
  3 ball pythons
  3 endoplasms
  12 goblins
  5 hobgoblins
  7 jackals
  6 kobolds
  A quokka (D:1)
  6 bats
  2 rats (D:1)
62 creatures vanquished.

Vanquished Creatures (others)
  7 fungi (D:3)
  14 plants (D:3)
21 creatures vanquished.

Grand Total: 83 creatures vanquished

Notes
Turn   | Place    | Note
-------+----------+-------------------------------------------
     0 | D:1      | Zeld the Draconian Transmuter began the quest for the Orb.
     0 | D:1      | Reached XP level 1. HP: 16/16 MP: 3/3
   131 | D:1      | Reached XP level 2. HP: 23/23 MP: 3/5
   160 | D:1      | Learned a level 2 spell: Wereblood
  1462 | D:2      | Noticed Robin
  1473 | D:2      | Reached XP level 3. HP: 26/28 MP: 2/6
  1773 | D:1      | Learned a level 3 spell: Spider Form
  1983 | D:2      | Killed Robin
  2639 | D:2      | Reached skill level 1 in Poison Magic
  2830 | D:3      | Reached skill level 1 in Ice Magic
  2929 | D:3      | Reached XP level 4. HP: 33/36 MP: 4/7
  3177 | D:3      | Found a faded altar of an unknown god.
  3332 | D:3      | Found a large runed translucent door.
  3332 | D:3      | Found a large runed translucent door.
  3333 | D:3      | Noticed Zeld's ghost (amateur MfIE)
  3379 | D:3      | HP: 1/36 [orc/+0 flail (8)]
  3390 | D:3      | HP: 1/36 [bat (1)]
  3397 | D:3      | Reached XP level 5. HP: 2/41 MP: 6/9
  3778 | D:3      | Slain by a gnoll

Illustrated notes

Levels and vault maps discovered:
D:1:      dpeg_arrival_pits, layout_basic, minmay_pentomino_p2
D:2:      layout_basic, uniq_robin
D:3:      layout_basic, amcnicky_altar_gilded, ebering_ghost_disaster_area,
          shapermc_ecumenical_altar_mp_urbaneastern, guppyfry_early_lair_pool

Skill      XL: |  1  2  3  4 |
---------------+-------------+-----
Dodging        | 2 |  2.2
Poison Magic   | 1 |  1.3
Ice Magic      | 1 |  1.3
Fighting       | 2 |  2.2
Transmutations | 3 |  3.1
Unarmed Combat | |  3.4
Spellcasting   | |  2.9

Action                   |  1- 3 |  4- 6 || total
-------------------------+-------+-------++-------
Melee: Unarmed           |   118 |    65 ||   183
       Tailslap          |     8 |     2 ||    10
       Kick              |    21 |    10 ||    31
       Headbutt          |    10 |     3 ||    13
       Punch             |     1 |     3 ||     4
 Cast: Beastly Appendage |    30 |     7 ||    37
       Spider Form       |     1 |     3 ||     4
Armor: Skin              |    42 |    19 ||    61
Dodge: Dodged            |    79 |    46 ||   125
Block: Other             |    27 |    13 ||    40
       Reflection        |     2 |       ||     2
